 Dungeon Crawl Stone Soup version 0.27-a0-1384-g1422d76b99 (webtiles) character file.

Game seed: 12190892366886297874

554 night the Conjurer (level 7, 0/41 HPs)
             Began as an Octopode Conjurer on June 30, 2021.
             Slain by a hornet (3 damage)
             ... on level 4 of the Dungeon.
             The game lasted 00:06:55 (4492 turns).

night the Conjurer (Octopode Conjurer)              Turns: 4492, Time: 00:06:56

Health: 0/41       AC:  1    Str: 12    XL:     7   Next: 30%
Magic:  10/14      EV: 13    Int: 23    God:
Gold:   122        SH:  0    Dex: 10    Spells: 8/15 levels left

rFire    . . .     SeeInvis .   l - +1 whip (elec)
rCold    . . .     Faith    .   (no shield)
rNeg     . . .     Spirit   .   (helmet restricted)
rPois    .         Reflect  .   (no amulet)
rElec    .         Harm     .   i - +6 ring of strength
rCorr    .         Rampage  .   (no ring)
Will     .....                  (no ring)
Stlth    +++.......             (no ring)
HPRegen  0.13/turn              (no ring)
MPRegen  0.14/turn              (no ring)
                                (no ring)
                                (no ring)

@: slowed, very slow
A: almost no armour, amphibious, 8 rings, camouflage 1, gelatinous body 1,
(nimble swimmer 1), tentacles
a: no special abilities


You were on level 4 of the Dungeon.
You visited 1 branch of the dungeon, and saw 4 of its levels.

You collected 122 gold pieces.

Inventory:

Hand Weapons
 b - a +1 dagger
 l - a +1 whip of electrocution (weapon)
 n - a +0 scimitar
Missiles
 a - 121 stones (quivered)
 d - 18 poisoned darts
 e - 62 sling bullets
Jewellery
 i - a +6 ring of strength (left tentacle)
 m - a ring of protection from fire
Scrolls
 f - a scroll of enchant armour
 k - a scroll of enchant weapon
Potions
 c - 2 potions of curing
 g - a potion of resistance {unknown}
 h - a potion of brilliance {unknown}
 j - a potion of flight {unknown}


   Skills:
 - Level 2.0 Dodging
 - Level 2.6 Stealth
 + Level 4.7 Spellcasting
 + Level 6.2 Conjurations
 + Level 3.0 Translocations


You had 8 spell levels left.
You knew the following spells:

 Your Spells              Type           Power      Damage    Failure   Level
a - Magic Dart            Conj           100%       1d8       1%          1
b - Searing Ray           Conj           68%        3d5       1%          2
c - Iskenderun's Mystic   Conj/Tloc      26%        2d7       14%         4

Your spell library contained the following spells:

 Spells                   Type           Power      Damage    Failure   Level
 Dazzling Flash           Conj/Hex       38%        N/A       8%          3
 Summon Small Mammal      Summ           20%        N/A       10%         1
 Call Imp                 Summ           5%         N/A       14%         2
 Fulminant Prism          Conj/Hex       9%         3d7       26%         4
 Call Canine Familiar     Summ           5%         N/A       28%         3
 Summon Guardian Golem    Hex/Summ       5%         N/A       28%         3
 Summon Ice Beast         Ice/Summ       5%         N/A       67%         4
 Summon Lightning Spire   Summ/Air       5%         N/A       67%         4


Dungeon Overview and Level Annotations

Branches:
Dungeon (4/15)
 Temple: D:4-7

Altars:


Innate Abilities, Weirdness & Mutations

You cannot wear most types of armour.
You are amphibious.
You can wear up to eight rings at the same time.
Your skin changes colour to match your surroundings (Stealth+).
Your rubbery body absorbs attacks. (AC +1, EV +1)
((You are camouflaged near water. (Stealth+)))
You have tentacles for arms and can constrict up to eight enemies at once.


Message History

The hornet moves out of view.
Found a stone staircase leading down.
A hornet is nearby!
Casting: Searing Ray (safe; 1% risk of failure)
Confirm with . or Enter, or press ? or * to list all spells.
Aiming: Searing Ray (safe; 1% risk of failure)
Press: ? - help, Shift-Dir - straight line, f - hornet
Aim: a hornet (71% to hit)
The searing ray hits the hornet.
The hornet is lightly wounded. (Press . to maintain the ray.)
The hornet closely misses you.
The searing ray hits the hornet!
The hornet is moderately wounded.
The hornet misses you.
The searing ray misses the hornet.
The hornet stings you but does no damage.
The hornet stings you!
You feel yourself slow down.
The searing ray hits the hornet!
The hornet is heavily wounded.
You finish channeling your searing ray.
The hornet stings you!
You suddenly lose the ability to move!
The hornet stings you!
* * * LOW HITPOINT WARNING * * *
You feel as though you will be slow longer.
The hornet stings you.
* * * LOW HITPOINT WARNING * * *
You feel as though you will be slow longer.
The hornet stings you.
* * * LOW HITPOINT WARNING * * *
You feel as though you will be slow longer.
The hornet stings you.
* * * LOW HITPOINT WARNING * * *
You are lethally poisoned!
You feel as though you will be slow longer.
You can move again.
It was a potion of curing.
You feel better. The hornet stings you!
* * * LOW HITPOINT WARNING * * *
You feel as though you will be slow longer.
The hornet barely misses you. The hornet stings you.
You die...

##...# .>...
#####...####
...........####
...#.........
........# #y.....#
#.@...# #.#####..####
#........# #.#####.##
#.##############
#.[............#
#.....###########.####
#........# #.........
#####..... #.###.###.


You could see a hornet.

Vanquished Creatures
  A necrophage (D:4)
  A black bear (D:3)
  2 scorpions
  2 orc priests (D:4)
  Crazy Yiuf (D:2)
  An iguana (D:4)
  4 adders
  3 gnolls (D:4)
  2 worms
  2 dart slugs (D:3)
  7 orcs
  5 endoplasms
  3 giant cockroaches
  3 hobgoblins
  6 quokkas
  6 ball pythons
  2 bats
  2 frilled lizards
  6 goblins
  9 kobolds
  9 rats
77 creatures vanquished.

Notes
Turn   | Place    | Note
-------+----------+-------------------------------------------
     0 | D:1      | night the Octopode Conjurer began the quest for the Orb.
     0 | D:1      | Reached XP level 1. HP: 11/11 MP: 3/3
   200 | D:1      | Found a faded altar of an unknown god.
   691 | D:1      | Reached XP level 2. HP: 17/17 MP: 0/5
  1063 | D:1      | Learned a level 2 spell: Searing Ray
  1490 | D:2      | Reached XP level 3. HP: 21/21 MP: 2/6
  1543 | D:2      | Noticed a scorpion
  1547 | D:2      | Killed a scorpion
  1548 | D:2      | Reached XP level 4. HP: 27/27 MP: 1/8
  1658 | D:2      | You fall into a shaft and drop 1 floor!
  1755 | D:3      | Reached skill level 5 in Conjurations
  2071 | D:3      | Reached XP level 5. HP: 31/31 MP: 2/10
  2787 | D:2      | Found a runed translucent door.
  2793 | D:2      | Learned a level 4 spell: Iskenderun's Mystic Blast
  2793 | D:2      | Noticed Crazy Yiuf
  2799 | D:2      | Killed Crazy Yiuf
  3250 | D:3      | Noticed a black bear
  3256 | D:3      | Killed a black bear
  3257 | D:3      | Reached skill level 1 in Translocations
  3257 | D:3      | Reached XP level 6. HP: 36/36 MP: 4/12
  3548 | D:4      | Noticed a necrophage
  3552 | D:4      | Killed a necrophage
  3553 | D:4      | Reached skill level 2 in Translocations
  3765 | D:4      | Reached skill level 6 in Conjurations
  3935 | D:4      | Reached XP level 7. HP: 41/41 MP: 11/13
  4484 | D:4      | Noticed a hornet
  4489 | D:4      | Paralysed by a hornet for 3 turns
  4490 | D:4      | HP: 6/41 [hornet (2)]
  4492 | D:4      | Slain by a hornet

Illustrated notes

Levels and vault maps discovered:
D:1:      dpeg_arrival_solitude, layout_basic, ebering_ecumenical_altar_mist,
          roderic_lattice_a
D:2:      layout_basic, patterned_corridor, uniq_crazy_yiuf_cottage
D:3:      layout_loops_corners, serial_glass, glass_columns_a, glass_columns_a,
          minmay_joined_circles
D:4:      layout_loops_corners

Skill      XL: |  1  2  3  4  5  6  7 |
---------------+----------------------+-----
Spellcasting   | 3 4 |  4.7
Conjurations   | 5 6 |  6.2
Translocations | 1 2 3 |  3.0
Dodging        | |  2.0
Stealth        | |  2.6

Action                   |  1- 3 |  4- 6 |  7- 9 || total
-------------------------+-------+-------+-------++-------
Melee: Unarmed           |     9 |       |       ||     9
       Dagger            |     2 |    11 |       ||    13
       Constrict         |     2 |     4 |       ||     6
       Tentacles         |     1 |       |       ||     1
       Quarterstaff      |       |     2 |       ||     2
       Whip              |       |     4 |     2 ||     6
 Cast: Magic Dart        |    28 |    44 |     8 ||    80
       Searing Ray       |     1 |    10 |     5 ||    16
  Use: Scroll            |     2 |     3 |       ||     5
       Potion            |       |       |     1 ||     1
 Stab: Sleeping          |     2 |     4 |       ||     6
Armor: Skin              |     1 |     1 |     1 ||     3
Dodge: Dodged            |     6 |    11 |     7 ||    24

Table legend: (Time is in decaauts)
 A = Elapsed time spent in this place.
 B = Non-inter-level travel time spent in this place.
 C = Inter-level travel time spent in this place.
 D = Time resting spent in this place.
 E = Time spent auto-exploring this place.
 F = Levels seen in this place.
 G = Mean time per level.
                   A        B        C        D        E       F      G
               +--------+--------+--------+--------+--------+-----+--------+
         Total |   4492 |   4412 |     80 |    305 |   3751 |   4 | 1123.0 |
       Dungeon |   4492 |   4412 |     80 |    305 |   3751 |   4 | 1123.0 |
               +--------+--------+--------+--------+--------+-----+--------+

Top non-repeatable levels by time:
     D:1: 1485 daAuts
     D:3: 1129 daAuts
     D:4: 965 daAuts
     D:2: 910 daAuts
